Map: Lost and Found LE

Players

CheckURsix

  • Race: Terran Terran
  • League: Platinum
  • Spawn Location: 1:00

Demented - Winner!

  • Race: Zerg Zerg
  • League: Platinum
  • Spawn Location: 7:00

VOD

Have the link to the VOD?

Description

Time

  • Played on: Oct. 20, 2018, 7:36 p.m.
  • Length: 19:00
Show
View Real Time Build Order
Export as new Build Order

CheckURsix Terran 

Build Orders: Reaper Expand, MMM Bio 

Get SALT Encoding   

  12  0:01  SCV  
  13  0:13  SCV  
  14  0:18  Supply Depot  
  14  0:25  SCV  
  15  0:40  SCV  
  15  0:41  Barracks  
  16  0:46  Refinery  
  16  0:52  SCV  
  18  1:04  SCV  
  18  1:16  SCV  
  19  1:29  Orbital Command  
  19  1:30  Reaper  
  20  1:40  Command Center  
  20  1:52  Barracks  
  20  1:55  SCV  
  21  2:08  Barracks Reactor  
  21  2:09  Refinery  
  21  2:10  Supply Depot  
  21  2:20  SCV  
  22  2:27  Factory  
  22  2:35  SCV  
  23  2:46  Marine x2, Barracks Tech Lab  
  23  2:47  SCV  
  26  2:59  SCV  
  27  3:06  SCV  
  28  3:17  SCV  
  29  3:20  Marine x2, Starport  
  29  3:22  Stimpack  
  29  3:24  Marine  
  32  3:27  Factory Reactor  
  32  3:31  Orbital Command  
  32  3:38  Marine x2  
  34  3:43  SCV  
  35  3:49  Supply Depot  
  35  3:57  SCV  
  35  3:58  SCV  
  35  4:00  Marine x3  
  38  4:12  SCV x2  
  40  4:17  Marine  
  40  4:18  Marine x2  
  40  4:21  Supply Depot  
  40  4:23  Medivac x2  
  47  4:24  SCV x2  
  49  4:35  Marine x2, Supply Depot  
  49  4:36  Marine, SCV x2  
  54  4:48  SCV  
  54  4:52  SCV  
  56  4:53  Marine x3  
  56  4:54  Supply Depot  
  59  5:00  SCV  
  60  5:08  SCV  
  60  5:09  Command Center  
  60  5:11  Marine x3  
  60  5:12  SCV  
  65  5:18  Barracks x2  
  65  5:21  Barracks  
  62  5:53  Marine x3  
  63  6:01  Engineering Bay, Medivac x2  
  63  6:02  Combat Shields  
  63  6:03  Engineering Bay  
  63  6:04  SCV x2  
  69  6:07  Refinery  
  69  6:09  Refinery  
  69  6:10  Supply Depot  
  69  6:11  Marine x3  
  70  6:16  SCV x2  
  73  6:28  Marine  
  74  6:33  SCV x2  
  74  6:34  Factory Tech Lab  
  74  6:36  Barracks Tech Lab, Barracks Reactor  
  74  6:37  Barracks Tech Lab  
  74  6:39  Terran Infantry Armor Level 1, Terran Infantry Weapons Level 1  
  76  6:45  SCV x2  
  78  6:50  SCV  
  78  6:54  Supply Depot  
  79  6:57  SCV x2  
  79  6:58  Bunker  
  81  7:02  Marine x3, SCV  
  81  7:03  Marine x2  
  81  7:06  Concussive Shells  
  87  7:08  Siege Tank  
  87  7:09  Medivac  
  92  7:16  Supply Depot  
  92  7:20  Marine x2, Planetary Fortress  
  92  7:21  Marauder x2  
  92  7:22  Marauder  
  100  7:23  SCV x2  
  102  7:35  SCV  
  102  7:58  SCV  
  102  8:04  Marine  
  102  8:05  Marine x3, Marauder  
  108  8:06  Marauder  
  108  8:10  SCV, Marauder  
  113  8:20  Siege Tank  
  113  8:22  SCV  
  117  8:34  Marine  
  117  8:35  Marine  
  117  8:37  Marine  
  117  8:51  Armory  
  117  8:52  Factory  
  117  8:54  Factory  
  117  8:55  Supply Depot x3  
  117  9:01  Refinery  
  117  9:03  Refinery  
  117  9:13  Supply Depot x2  
  117  9:16  Marine x2, Siege Tank, Medivac x2, SCV x3  
  117  9:17  Marauder x2, Marine x3  
  136  9:26  Missile Turret  
  136  9:28  SCV x3  
  139  9:32  Liberator x2  
  139  9:34  Missile Turret, Marine x4  
  139  9:35  Marauder  
  139  9:37  Marine x2  
  147  9:40  SCV x2, Terran Vehicle Weapons Level 1, Terran Infantry Weapons Level 2  
  147  9:41  SCV, Terran Infantry Armor Level 2  
  150  9:47  Supply Depot  
  150  9:49  Supply Depot  
  150  9:50  Supply Depot  
  150  9:52  Marine x2  
  133  10:10  Marauder  
  123  10:17  Missile Turret, Marine x3, Marauder  
  123  10:18  Marine, Marauder  
  123  10:20  Factory Tech Lab x2  
  130  10:23  Supply Depot  
  130  10:26  Armory  
  130  10:31  Starport  
  130  10:32  Marauder  
  130  10:34  Siege Tank  
  130  10:35  Marine x4  
  136  10:39  Marauder  
  141  10:45  Command Center  
  141  10:55  Siege Tank x2, Supply Depot  
  141  10:56  Medivac  
  149  10:57  Marine  
  149  10:59  Marine  
  149  11:04  SCV x3  
  154  11:05  Marine  
  154  11:06  Siege Tank  
  158  11:14  Sensor Tower  
  158  11:18  Missile Turret  
  158  11:21  Missile Turret  
  158  11:38  Siege Tank  
  153  11:50  Viking x3  
  153  11:52  Marine x7  
  164  12:09  Marine  
  165  12:16  Marine x3  
  165  12:25  Marine  
  165  12:28  Marine  
  165  12:30  Marine  
  165  12:32  Viking  
  165  12:33  Marine  
  165  12:34  Viking x2  
  143  12:46  Marine  
  135  13:02  Viking  
  135  13:04  Viking x2  
  123  13:21  Marine x5, Marauder x2  
  124  13:32  Viking  
  116  13:34  Viking  
  116  13:39  Marine x3  
  66  14:13  Command Center  
  47  15:18  Command Center  
  22  18:21  SCV  
  8  18:33  SCV  
  2  18:45  SCV  
Show
View Real Time Build Order
Export as new Build Order

Demented Zerg - Winner!

Build Orders: Hatch First 

Get SALT Encoding   

  12  0:01  Drone  
  13  0:13  Overlord  
  13  0:20  Drone  
  14  0:32  Drone x2  
  16  0:35  Drone  
  17  0:55  Hatchery  
  16  1:01  Drone  
  16  1:02  Drone  
  18  1:10  Overlord  
  18  1:15  Extractor  
  17  1:22  Spawning Pool  
  17  1:24  Drone  
  17  1:29  Drone  
  18  1:40  Drone  
  19  1:56  Drone  
  19  2:01  Drone  
  21  2:09  Zergling x2  
  21  2:11  Queen  
  21  2:12  Queen  
  21  2:14  Zergling x2  
  27  2:18  Drone  
  27  2:22  Metabolic Boost  
  28  2:23  Drone  
  28  2:28  Drone  
  30  2:34  Drone  
  31  2:39  Drone  
  32  2:45  Drone  
  32  2:50  Overlord  
  33  2:52  Hatchery  
  33  2:55  Drone  
  32  3:06  Zergling x2  
  32  3:08  Drone  
  34  3:17  Queen  
  34  3:18  Overlord  
  36  3:20  Drone x3, Zergling x2  
  36  3:24  Drone x2  
  42  3:27  Drone x2  
  42  3:32  Overlord  
  44  3:46  Drone x3  
  47  3:51  Overlord  
  47  3:57  Queen  
  48  4:03  Drone x4  
  48  4:04  Drone x2  
  48  4:09  Drone x3  
  57  4:15  Overlord  
  57  4:23  Extractor  
  56  4:26  Drone x3  
  56  4:27  Extractor, Roach Warren  
  57  4:38  Drone  
  57  4:39  Drone x3  
  57  4:40  Drone x2  
  63  4:48  Overlord  
  63  4:49  Overlord x2  
  63  4:52  Lair  
  63  5:00  Drone x5  
  68  5:08  Roach x2  
  68  5:09  Roach x5  
  68  5:13  Overlord x2  
  82  5:24  Roach x3  
  82  5:25  Roach  
  90  5:34  Roach  
  90  5:35  Roach x4  
  100  5:43  Zergling x2  
  100  5:44  Zergling x6  
  100  5:47  Roach x4  
  112  5:57  Roach x2  
  112  6:01  Hatchery  
  112  6:02  Spore Crawler  
  112  6:04  Spine Crawler  
  111  6:13  Spire  
  111  6:14  Drone x2  
  111  6:15  Drone  
  111  6:17  Infestation Pit, Drone  
  113  6:18  Drone  
  113  6:24  Extractor  
  111  6:26  Extractor  
  111  6:31  Zergling x8  
  114  6:35  Overlord x3  
  114  6:48  Overlord  
  114  6:56  Drone  
  114  6:57  Drone x2  
  114  6:58  Evolution Chamber  
  114  7:00  Extractor  
  115  7:01  Spine Crawler, Evolution Chamber  
  115  7:04  Hive  
  113  7:09  Drone  
  113  7:10  Drone x2  
  113  7:12  Drone x3  
  113  7:14  Drone x5  
  124  7:36  Roach x3  
  124  7:37  Roach x4  
  136  7:41  Corruptor  
  136  7:42  Corruptor x4  
  142  8:02  Queen  
  136  8:08  Zerg Missile Weapons Level 1  
  136  8:09  Zerg Ground Armor Level 1  
  136  8:10  Zergling x12  
  136  8:11  Zergling x12  
  148  8:16  Drone x3  
  148  8:18  Baneling Nest  
  150  8:20  Greater Spire  
  150  8:24  Drone  
  150  8:25  Overlord x5  
  151  8:29  Glial Reconstitution  
  150  8:34  Drone  
  149  8:58  Corruptor x2  
  149  8:59  Corruptor x4  
  149  9:00  Corruptor  
  163  9:07  Drone x5  
  163  9:08  Drone x7, Extractor  
  174  9:10  Extractor  
  174  9:12  Spine Crawler  
  174  9:15  Spine Crawler  
  171  9:19  Queen, Centrifical Hooks  
  171  9:22  Baneling  
  171  9:23  Baneling x7  
  171  9:24  Baneling  
  173  9:36  Brood Lord  
  175  9:41  Overlord x5  
  175  9:49  Roach x3  
  176  9:54  Queen  
  153  10:03  Zerg Melee Weapons Level 1  
  153  10:06  Corruptor x3  
  137  10:13  Zergling x16  
  137  10:14  Zergling x26  
  149  10:20  Drone  
  150  10:21  Brood Lord  
  150  10:23  Brood Lord x3  
  158  10:30  Drone  
  158  10:31  Drone  
  158  10:34  Overlord x4  
  158  10:35  Roach x2  
  164  10:37  Hatchery  
  164  10:38  Zergling x4  
  164  10:42  Roach x2  
  171  10:43  Roach x2  
  171  10:49  Zerg Flyer Weapons Level 1  
  173  11:00  Overseer x2  
  173  11:01  Overseer  
  173  11:02  Pneumatized Carapace  
  173  11:06  Zerg Ground Armor Level 2  
  173  11:11  Roach x2  
  173  11:12  Roach x7  
  191  11:23  Corruptor x3  
  191  11:24  Corruptor  
  196  11:29  Baneling x2  
  196  11:30  Baneling x2  
  186  11:45  Zergling x8  
  181  11:55  Zergling x8  
  184  12:03  Roach x4  
  191  12:09  Brood Lord x4  
  189  12:39  Corruptor x3  
  189  12:40  Corruptor x2  
  146  13:02  Brood Lord x2  
  146  13:03  Corruptor  
  146  13:05  Zergling x2  
  137  13:06  Zergling x46  
  160  13:14  Lair  
  157  13:32  Brood Lord  
  151  13:37  Zergling x8  
  151  13:38  Zergling x6  
  156  13:45  Baneling  
  156  13:46  Baneling x4  
  152  13:50  Zergling x8  
  155  14:00  Spawning Pool  
  131  14:10  Hatchery  
  131  14:12  Hatchery  
  131  14:14  Drone x6, Extractor x2  
  131  14:16  Extractor  
  113  14:26  Hatchery  
  69  15:29  Hatchery  
  64  16:06  Drone x4  
  64  16:07  Drone x2  
  69  16:37  Drone x2  
  71  16:40  Hatchery  
  71  16:41  Drone  
  68  17:29  Extractor  
Tags
 
Add a new tag
Caveats
  • Supply blocks, unpowered buildings, or Contaminate may cause inaccurate times.
  • Supply counts are checked every 10 seconds.